 Dungeon Crawl Stone Soup version 0.16.1-16-gc44b35d (webtiles) character file.

190 veritasnyx7210 the Skirmisher (level 5, -1/33 HPs)
             Began as a Gargoyle Abyssal Knight on Apr 17, 2015.
             Was a Believer of Lugonu.
             Killed by a spatial distortion (4 damage)
             ... on level 4 of the Dungeon on Apr 20, 2015.
             The game lasted 00:32:02 (3682 turns).

veritasnyx7210 the Skirmisher (GrAK)                Turns: 3682, Time: 00:32:02

Health: -1/33      AC: 15    Str: 16    XL:     5   Next: 69%
Magic:  5/6        EV:  7    Int: 13    God:    Lugonu [**....]
Gold:   218        SH:  0    Dex: 12    Spells: 0 memorised, 4 levels left

rFire  . . .     SeeInvis .     a - +1 mace
rCold  . . .     Clarity  .     t - +0 chain mail
rNeg   + . .     SustAb   .     (no shield)
rPois  ∞         Gourm    .     c - +0 helmet
rElec  +         Spirit   .     (no cloak)
rCorr  .         Warding  .     (no gloves)
rMut   .         Stasis   +     u - +0 pair of boots
MR     .....                    p - amulet of the Good {Stasis rPois MR- Dex+3}
Stlth  ..........               (no ring)
                                (no ring)

@: not resistant to hostile enchantments, extremely unstealthy
A: negative energy resistance 1, electricity resistance, unbreathing,
petrification resistance, rot immunity, AC +4
a: Depart the Abyss, Bend Space, Renounce Religion


You were on level 4 of the Dungeon.
You worshipped Lugonu.
Lugonu was pleased with you.
You were full.

You visited 1 branch of the dungeon, and saw 4 of its levels.
You visited the Abyss 1 time.

You collected 218 gold pieces.

Inventory:

Hand weapons
 a - a +1 mace (weapon)
 f - a +0 hunting sling
Missiles
 d - 102 stones (quivered)
 i - 4 tomahawks
 r - 24 sling bullets
Armour
 c - a +0 helmet (worn)
 t - a +0 chain mail (worn)
 u - a +0 pair of boots (worn)
Jewellery
 p - the amulet of the Good (around neck) {Stasis rPois MR- Dex+3}
   (You found it on level 4 of the Dungeon)

   [amulet of stasis]

   It prevents you from being teleported, slowed, hasted or paralysed.
   It affects your dexterity (+3).
   It protects you from poison.
   It affects your resistance to hostile enchantments.
Scrolls
 h - 3 scrolls of enchant armour {unknown}
 j - 4 scrolls of identify
 k - a scroll of remove curse {unknown}
 l - a scroll of fear {unknown}
 m - 2 scrolls of amnesia {unknown}
 q - a scroll of recharging {unknown}
 w - a scroll of magic mapping {unknown}
 x - a scroll of enchant weapon {unknown}
Potions
 b - a potion of cancellation {unknown}
 e - a potion of magic {unknown}
 g - 2 potions of curing {unknown}
 n - 3 potions of degeneration {unknown}
 o - a potion of restore abilities {unknown}
 s - a potion of haste {unknown}
 v - 2 potions of poison {unknown}
 A - a potion of might {unknown}
Comestibles
 z - 2 meat rations


   Skills:
 + Level 4.1 Fighting
 + Level 3.4 Maces & Flails
 + Level 1.5 Throwing
 + Level 2.5 Armour
 + Level 2.2 Dodging
 + Level 0.2 Stealth
 + Level 2.5 Invocations


You had 4 spell levels left.
You didn't know any spells.

Dungeon Overview and Level Annotations

Branches:
Dungeon (4/15)
 Temple: D:4-7

Altars:
Gozag
Qazlal
Sif Muna
Trog
Yredelemnul
Zin
The Shining One


Innate Abilities, Weirdness & Mutations

You are resistant to torment.
You are immune to poison.
Your stone body is very resilient (AC +4).
You resist negative energy.
You are resistant to electric shocks.
You can survive without breathing.
You are immune to petrification.
You are immune to rotting.


Message History

The gnoll is heavily wounded.
The gnoll hits you with a club. The gnoll closely misses you.
The gnoll hits you but does no damage.
You completely miss the gnoll.
The gnoll is heavily wounded.
The gnoll hits you with a club.
* * * LOW HITPOINT WARNING * * *
The gnoll hits you but does no damage. The gnoll hits you with a flail.
* * * LOW HITPOINT WARNING * * *
Use which ability? (? or * to list) Space bends around you!
You blink.
* * * LOW HITPOINT WARNING * * *
You feel slightly less full.
There is an open door here.
There isn't anything here!
Clearing level map.
You close the door.
A gnoll opens the door.
Use which ability? (? or * to list) Space bends around you!
You blink.
You die...

### #########... #####
#........... #...# #...........
#...# #........# #...#
#........##
#...###########.........#
#............##.........##
#........@...######.......
######)...........######...)...
#....'..........gg'§...........
#.####...........g######.......
##..((.......# #.......
############## ###.......
...................
#........###.#..... #######
#........# #.......


You could see 3 gnolls.

Vanquished Creatures
  A crimson imp (D:3)
  A gnoll (D:4)
  6 adders
  3 worms (D:2)
  2 giant geckos
  An ooze (D:3)
  3 orcs (D:3)
  10 goblins
  5 hobgoblins
  4 jackals
  8 kobolds
  A quokka (D:2)
  2 ball pythons (D:1)
  7 bats
  2 giant cockroaches (D:2)
  6 giant newts
  11 rats
73 creatures vanquished.

Notes
Turn   | Place    | Note
--------------------------------------------------------------
     0 | Abyss:1  | veritasnyx7210, the Gargoyle Abyssal Knight, began the quest for the Orb.
     0 | Abyss:1  | Reached XP level 1. HP: 14/14 MP: 1/1
     0 | D:1      | Escaped the Abyss
   410 | D:1      | Acquired Lugonu's first power
   410 | D:1      | Reached XP level 2. HP: 17/19 MP: 2/2
   952 | D:1      | Reached skill level 1 in Dodging
  1173 | D:1      | Reached skill level 1 in Throwing
  1173 | D:1      | Reached XP level 3. HP: 15/23 MP: 4/4
  1462 | D:2      | Found a glowing silver altar of Zin.
  1478 | D:2      | Found a basalt altar of Yredelemnul.
  1497 | D:2      | Found a deep blue altar of Sif Muna.
  1511 | D:2      | Found a stormy altar of Qazlal.
  1511 | D:2      | Found a bloodstained altar of Trog.
  1511 | D:2      | Found an opulent altar of Gozag.
  1512 | D:2      | Found a glowing golden altar of the Shining One.
  1675 | D:2      | Reached XP level 4. HP: 21/28 MP: 5/5
  1928 | D:2      | Acquired Lugonu's second power
  2559 | D:3      | Reached XP level 5. HP: 31/33 MP: 6/6
  3267 | D:3      | Reached skill level 4 in Fighting
  3485 | D:4      | Got a vibrating brass amulet
  3488 | D:4      | Identified the amulet of the Good {Stasis rPois MR- Dex+3} (You found it on level 4 of the Dungeon)
  3682 | D:4      | Killed by a spatial distortion

Action                   |  1- 3 |  4- 6 || total
-------------------------+-------+-------++-------
Melee: Mace              |   109 |   286 ||   395
Throw: Stone             |    50 |    45 ||    95
       Tomahawk          |       |    15 ||    15
Invok: Depart the Abyss  |     1 |       ||     1
       Bend Space        |       |     2 ||     2
  Use: Scroll            |       |     2 ||     2
  Eat: Bread ration      |     2 |       ||     2
       Beef jerky        |       |     1 ||     1
       Meat ration       |       |     1 ||     1
